Map: Atlantica Unlimited

Players

MrFercho

  • Race: Zerg Zerg
  • Spawn Location: 9:00

tigro - Winner!

  • Race: Terran Terran
  • Spawn Location: 12:00

TATORREA - Winner!

  • Race: Protoss Protoss
  • Spawn Location: 1:00

VOD

Have the link to the VOD?

Description

Time

  • Played on: April 14, 2020, 10:56 p.m.
  • Length: 33:40
Show
View Real Time Build Order
Export as new Build Order

MrFercho Zerg 

Build Orders: Pool First 

Get SALT Encoding   

    0:02  Drone  
    0:18  Overlord  
    0:20  Drone x2  
    0:30  Unknown  
    0:35  Spawning Pool  
    1:07  Drone x2  
    1:08  Drone  
    1:18  Hatchery  
    1:24  Overlord  
    1:30  Metabolic Boost  
    1:37  Unknown  
    1:42  Hatchery, Pneumatized Carapace  
    2:17  Drone x3  
    2:24  Hatchery  
    2:45  Drone x4  
    2:55  Drone  
    2:56  Drone x2  
    3:25  Drone x8  
    3:38  Unknown  
    3:39  Unknown  
    3:40  Drone  
    3:48  Unknown  
    3:49  Unknown  
    4:01  Drone  
    4:02  Hatchery, Drone x10  
    4:18  Lair  
    4:22  Burrow  
    4:38  Unknown  
    4:42  Unknown  
    4:48  Drone x7  
    4:49  Drone x5  
    5:07  Drone x3  
    5:08  Drone, Unknown  
    5:10  Unknown  
    5:39  Drone  
    5:40  Drone x14  
    5:56  Drone  
    5:57  Drone x4  
    6:11  Roach Warren  
    6:14  Baneling Nest  
    6:24  Infestation Pit  
    6:27  Drone x15  
    6:38  Overlord  
    6:39  Overlord x4  
    6:59  Hatchery  
    7:00  Hatchery  
    7:04  Unknown  
    7:11  Zergling x4  
    7:12  Zergling x6, Roach x2  
    7:13  Zergling x2, Roach x2  
  14  7:27  Centrifical Hooks  
  14  7:28  Glial Reconstitution  
  14  7:40  Evolution Chamber  
  14  7:42  Evolution Chamber  
  14  7:43  Drone, Evolution Chamber  
  14  7:44  Drone x14  
  14  7:49  Hive  
  14  7:50  Neural Parasite  
  14  8:30  Hatchery  
  14  8:39  Hatchery  
  14  8:47  Tunneling Claws  
  14  9:00  Hatchery, Drone  
  14  9:01  Drone x14  
  14  9:10  Pathogen Glands, Hatchery  
  14  9:11  Adrenal Glands  
  14  9:16  Hatchery  
  14  9:18  Baneling x9  
  14  9:19  Baneling x3  
  14  9:29  Zerg Melee Weapons Level 1, Zerg Ground Armor Level 1, Zerg Missile Weapons Level 1  
  14  9:41  Spire  
  14  9:43  Spire  
  14  9:45  Spire  
  14  9:52  Lair x2  
  14  9:57  Drone x6  
  14  10:06  Unknown  
  14  10:41  Drone  
  14  10:42  Drone x27  
  14  11:01  Corruptor x2  
  14  11:02  Corruptor x9  
  30  11:14  Hatchery x2  
  30  11:17  Hatchery  
  30  11:18  Hatchery  
  30  11:23  Hatchery  
  30  11:28  Hatchery  
  30  11:34  Hatchery x2  
  30  11:35  Hatchery  
  30  11:40  Corruptor  
  30  11:41  Corruptor x19  
  30  11:44  Hatchery  
  30  11:46  Overlord  
  30  11:47  Overlord x6  
  70  11:53  Lair  
  8  13:03  Zergling x2  
  8  13:04  Zergling x46  
  32  13:18  Spire  
  32  13:21  Spire  
  26  13:39  Spawning Pool  
  24  14:02  Hatchery  
  12  14:26  Drone x3  
  12  14:35  Corruptor x3  
  12  14:36  Corruptor x9  
  36  14:42  Overlord  
  36  14:59  Drone x6  
  30  15:18  Corruptor  
  30  15:19  Corruptor x12  
  52  15:43  Hatchery  
  48  15:50  Corruptor x3  
  48  15:54  Overlord x5  
  48  15:56  Overlord x4  
  48  15:57  Overlord x3  
  52  16:05  Hatchery  
  52  16:12  Hatchery  
  52  16:17  Hatchery  
  52  16:20  Hatchery  
  52  16:21  Corruptor x3  
  52  16:22  Corruptor x6  
  74  16:39  Spawning Pool  
  70  16:40  Corruptor  
  70  16:41  Corruptor x6  
  84  17:06  Corruptor x6  
  84  17:07  Corruptor x5  
  106  17:29  Corruptor x6  
  118  18:07  Corruptor x5  
  118  18:08  Corruptor x15  
  118  18:10  Overlord  
  118  18:11  Overlord  
  118  18:12  Overlord x2  
  158  18:32  Lair  
  152  18:42  Hatchery  
    19:57  Spire  
    19:59  Drone, Spire  
    20:00  Drone x8  
    20:28  Spire x2  
    20:30  Lair, Spire  
    20:34  Drone  
    20:35  Drone x2  
    20:46  Infestation Pit  
    20:58  Overlord  
    20:59  Overlord x5  
    21:00  Overlord  
    21:14  Corruptor x4  
    21:15  Corruptor x5  
  30  21:22  Infestation Pit  
  12  22:06  Hatchery  
  12  22:09  Drone x5  
  12  22:35  Spawning Pool, Hive  
  12  22:44  Drone  
  12  22:45  Corruptor x2  
  16  23:03  Hatchery  
  16  23:05  Spawning Pool  
  16  23:54  Drone x3  
  14  25:15  Unknown x2  
  14  25:22  Drone x2  
  14  25:23  Drone  
  14  26:50  Drone x3  
  14  27:17  Drone  
  14  27:18  Drone  
  14  27:24  Unknown  
  14  27:26  Drone  
  2  28:31  Spawning Pool  
  2  28:40  Drone x2  
  2  28:41  Drone  
  2  29:01  Drone  
Show
View Real Time Build Order
Export as new Build Order

tigro Terran - Winner!

Build Orders:  

Get SALT Encoding   

    0:06  SCV  
    0:18  Supply Depot  
    0:34  SCV  
    0:41  Unknown  
    0:46  SCV, Unknown  
    0:58  SCV  
    1:00  Barracks  
    1:10  SCV  
    1:22  SCV  
    1:34  SCV  
    1:46  SCV  
    1:50  Barracks  
    1:54  Supply Depot  
    1:58  SCV  
    2:01  Marine  
  1  2:11  SCV  
  1  2:19  Marine  
  2  2:23  SCV  
  2  2:37  Marine  
  2  2:40  Orbital Command  
  2  2:43  Engineering Bay  
  3  2:47  Barracks Tech Lab  
  3  2:54  Marine  
  4  3:12  Marine  
  5  3:37  Missile Turret  
  5  3:43  Supply Depot  
  5  3:45  Terran Infantry Weapons Level 1  
  5  3:49  Marauder  
  5  3:52  Barracks Tech Lab  
  7  4:11  Marauder  
  9  4:20  Factory  
  9  4:32  Marauder  
  11  4:47  Command Center  
  11  4:53  Marauder  
  13  5:08  Marine  
  13  5:10  Combat Shield  
  13  5:13  Stimpack, Factory  
  14  5:15  Marauder  
  14  5:20  Factory Tech Lab  
  16  5:26  Marine  
  17  5:40  Armory, Terran Infantry Armor Level 1  
  17  5:43  Marine  
  18  6:01  Marine  
  19  6:09  Factory Tech Lab  
  19  6:19  Marine  
  20  6:26  SCV  
  20  6:29  Concussive Shells  
  20  6:32  Command Center  
  20  6:38  SCV  
  20  6:42  Starport  
  20  6:46  Terran Vehicle Weapons Level 1  
  20  6:50  Marauder, SCV  
  20  6:53  Marine  
  23  7:02  SCV  
  23  7:11  Marine  
  23  7:12  Marauder  
  23  7:14  SCV  
  26  7:24  Starport Tech Lab  
  26  7:29  Marine  
  27  7:33  Marauder, Neosteel Armor  
  29  7:46  Missile Turret x2  
  29  7:47  Marine  
  30  7:54  Marauder, Planetary Fortress  
  32  8:04  Marine  
  33  8:16  Marauder  
  35  8:20  Fusion Core, Missile Turret  
  35  8:22  Marine  
  36  8:37  Marauder  
  36  8:40  Marine, Terran Vehicle And Ship Armor Level 1  
  39  8:42  Medivac  
  41  8:58  Marauder, Marine  
  44  9:04  Missile Turret  
  44  9:11  Weapon Refit  
  44  9:12  Medivac  
  44  9:14  Hi-Sec Auto Tracking  
  44  9:15  Missile Turret  
  46  9:43  Battlecruiser  
  52  10:02  Supply Depot, Missile Turret  
  52  10:10  Terran Infantry Weapons Level 2  
  52  10:22  Siege Tank  
  52  10:24  Siege Tank  
  58  10:35  Terran Ship Weapons Level 1  
  58  10:47  Battlecruiser, Missile Turret  
  64  10:51  Rapid Reignition System  
  64  10:54  Siege Tank  
  64  10:56  Siege Tank  
  70  11:27  Siege Tank  
  70  11:29  Siege Tank  
  76  11:48  Advanced Ballistics  
  76  11:51  Battlecruiser  
  82  12:26  Terran Infantry Armor Level 2  
  82  12:28  Terran Vehicle Weapons Level 2  
  82  12:48  Missile Turret  
  82  12:49  Command Center  
  81  13:41  Battlecruiser  
  85  14:45  SCV  
  85  14:58  SCV  
  85  15:32  Planetary Fortress  
  85  15:42  Missile Turret  
  85  16:50  Terran Infantry Weapons Level 3  
  85  16:53  Terran Vehicle Weapons Level 3  
  85  16:57  Smart Servos  
  85  17:03  Raven  
  87  17:11  Starport  
  87  17:19  Thor  
  93  17:41  Missile Turret  
  93  17:46  Battlecruiser  
  93  17:51  Missile Turret  
  99  18:12  Starport Tech Lab  
  99  18:16  Drilling Claws  
  99  18:22  Missile Turret  
  99  18:46  Hyperflight Rotors  
  99  18:49  Cloaking Field  
  99  19:08  Supply Depot  
  99  19:21  Battlecruiser  
  105  19:27  Command Center  
  105  19:28  Terran Infantry Armor Level 3  
  105  19:30  Terran Vehicle And Ship Armor Level 2, Battlecruiser  
  111  19:35  Mag-Field Accelerator  
  111  19:55  Supply Depot  
  111  20:24  Missile Turret  
  111  20:25  Battlecruiser  
  117  20:34  Battlecruiser  
  123  20:47  Supply Depot, Corvid Reactor  
  123  21:06  Planetary Fortress  
  123  21:14  Infernal Pre-Igniter  
  123  21:16  Missile Turret  
  123  21:29  Battlecruiser  
  129  21:34  Missile Turret  
  129  21:39  Missile Turret  
  129  21:45  Terran Ship Weapons Level 2  
  129  22:37  Command Center  
  129  23:02  Battlecruiser  
  135  24:06  Battlecruiser  
  141  25:35  Orbital Command  
  141  26:06  Missile Turret  
  141  27:54  Supply Depot  
  141  28:37  Starport  
  141  28:46  Missile Turret  
  141  29:03  Battlecruiser  
  147  29:30  Missile Turret  
  147  30:08  Battlecruiser  
  153  31:12  Battlecruiser  
  159  32:16  Battlecruiser  
Show
View Real Time Build Order
Export as new Build Order

TATORREA Protoss - Winner!

Build Orders: Carriers 

Get SALT Encoding   

    0:22  Probe (Chrono Boost)  
    0:31  Pylon  
    0:33  Probe (Chrono Boost)  
    0:35  Pylon  
    0:38  Probe (Chrono Boost), Unknown  
    0:41  Unknown  
    0:48  Probe  
    0:51  Pylon  
    0:57  Pylon  
    1:00  Pylon  
    1:13  Forge  
    1:15  Gateway  
    1:36  Nexus  
    1:41  Unknown  
    1:44  Unknown  
    1:49  Probe (Chrono Boost)  
    1:59  Probe (Chrono Boost)  
    2:04  Probe (Chrono Boost)  
    2:11  Photon Cannon  
    2:15  Pylon  
    2:20  Pylon  
    2:57  Photon Cannon  
    3:00  Cybernetics Core  
    3:04  Photon Cannon  
    3:08  Probe (Chrono Boost)  
    3:13  Probe (Chrono Boost)  
    3:21  Protoss Ground Weapons Level 1  
    3:24  Probe (Chrono Boost)  
    3:25  Probe (Chrono Boost), Zealot  
  2  3:30  Probe (Chrono Boost)  
  2  3:31  Probe (Chrono Boost)  
  2  3:43  Photon Cannon, Probe (Chrono Boost)  
  2  3:47  Photon Cannon  
  2  3:51  Photon Cannon, Probe  
  2  3:52  Photon Cannon, Zealot  
  4  3:59  Photon Cannon  
  4  4:06  Stargate  
  4  4:13  Probe (Chrono Boost)  
  4  4:19  Protoss Air Weapons Level 1, Zealot  
  6  4:24  Probe (Chrono Boost)  
  6  4:26  Probe (Chrono Boost)  
  6  4:29  Probe (Chrono Boost)  
  6  4:30  Probe (Chrono Boost)  
  6  4:36  Stargate  
  6  4:39  Probe  
  6  4:42  Probe, Stargate  
  6  4:46  Zealot  
  6  4:49  Photon Cannon  
  6  4:51  Probe  
  6  4:52  Photon Cannon  
  8  4:54  Photon Cannon  
  8  5:00  Fleet Beacon  
  8  5:03  Probe (Chrono Boost)  
  8  5:13  Probe (Chrono Boost), Zealot  
  8  5:14  Probe (Chrono Boost)  
  10  5:17  Probe (Chrono Boost)  
  10  5:18  Probe (Chrono Boost)  
  10  5:26  Probe  
  10  5:27  Shield Battery  
  10  5:29  Protoss Ground Armor Level 1  
  10  5:30  Probe  
  10  5:44  Pylon  
  10  5:55  Photon Cannon  
  10  6:09  Anion Pulse-Crystals  
  10  6:13  Carrier x3  
  28  6:28  Protoss Air Armor Level 1  
  28  6:35  Photon Cannon  
  28  6:48  Pylon  
  28  6:53  Pylon  
  28  7:04  Photon Cannon  
  28  7:09  Pylon  
  28  7:13  Pylon, Unknown  
  28  7:16  Tempest  
  28  7:17  Tempest x2  
  28  7:18  Pylon  
  28  7:21  Photon Cannon  
  43  7:30  Photon Cannon  
  43  7:33  Photon Cannon  
  43  7:38  Protoss Shields Level 1  
  43  8:00  Carrier x3  
  43  8:04  Pylon  
  61  8:08  Photon Cannon  
  61  8:13  Photon Cannon  
  61  8:20  Photon Cannon  
  61  8:25  Photon Cannon  
  61  8:35  Twilight Council  
  61  8:39  Protoss Air Weapons Level 2  
  61  9:04  Carrier x3  
  61  9:07  Photon Cannon  
  79  9:20  Photon Cannon  
  79  9:30  Pylon  
  79  9:35  Charge  
  79  10:08  Tempest x2, Carrier  
  95  10:51  Tempest, Carrier  
  106  11:12  Carrier  
  106  11:13  Protoss Air Armor Level 2  
  106  11:14  Resonating Glaives  
  100  12:55  Blink  
  100  13:22  Carrier x3  
  118  13:34  Pylon  
  118  13:39  Pylon  
  118  13:45  Pylon  
  118  13:48  Pylon  
  118  14:26  Carrier x3  
  136  15:31  Carrier x3  
  154  16:35  Carrier x3  
  172  17:01  Pylon  
  172  17:04  Pylon  
  172  17:07  Pylon  
  172  17:11  Pylon  
  172  17:14  Pylon  
  172  17:39  Carrier x3  
  190  18:43  Carrier x3  
  73  19:48  Carrier x3  
  91  20:52  Carrier x3  
  109  21:56  Carrier x3  
  127  23:00  Carrier x3  
  145  24:05  Carrier x3  
  163  25:09  Carrier x3  
  181  26:13  Carrier x3  
  199  26:32  Unknown  
  199  26:35  Unknown  
  199  27:17  Carrier  
  205  27:35  Pylon  
  205  27:39  Pylon  
  205  27:43  Pylon  
  205  27:45  Pylon  
  205  27:50  Pylon  
  205  27:53  Carrier  
  205  27:54  Pylon  
  205  27:57  Carrier  
  217  28:20  Pylon  
  217  28:21  Tempest  
  217  28:24  Pylon  
  222  28:28  Pylon  
  222  28:57  Tempest  
  222  28:59  Pylon  
  222  29:01  Tempest  
  232  29:02  Pylon  
  232  29:04  Tempest  
  232  29:05  Pylon  
  237  29:11  Pylon  
  237  29:39  Tempest  
  237  29:44  Tempest  
  247  29:47  Tempest  
  252  30:22  Tempest  
  252  30:27  Tempest  
  262  30:30  Carrier  
  268  31:05  Carrier  
  268  31:10  Carrier  
  280  31:34  Carrier  
  286  32:10  Carrier  
  286  32:14  Carrier  
Tags
 
Add a new tag
Caveats
  • Supply blocks, unpowered buildings, or Contaminate may cause inaccurate times.
  • Supply counts are checked every 10 seconds.